 Dungeon Crawl Stone Soup version 0.31-a0-949-g57150269e1 (webtiles) character file.

Game seed: 5379600145870731710

875 Newt the Skirmisher (level 8, -6/53 HPs)
             Began as a Kobold Hunter on Oct 22, 2023.
             Killed by divine providence
             ... invoked by an orc priest
              (13 damage)
             ... on level 5 of the Dungeon.
             The game lasted 00:04:53 (3220 turns).

Newt the Skirmisher (Kobold Hunter)                 Turns: 3220, Time: 00:04:53

Health: -6/53      AC:  8    Str:  7    XL:     8   Next: 24%
Magic:  8/8        EV: 17    Int: 15    God:
Gold:   272        SH:  0    Dex: 19    Spells: 7/7 levels left

rFire   . . .        a - +1 shortbow
rCold   . . .        (shield currently unavailable)
rNeg    . . .        c - +0 leather armour
rPois   .            (no helmet)
rElec   .            e - +0 cloak
rCorr   +            q - +1 pair of gloves
SInv    .            (no boots)
Will    .....        (no amulet)
Stlth   +++          d - ring of resist corrosion
HPRegen 0.28/turn    (no ring)
MPRegen 0.11/turn

%: no passive effects
@: no status effects
A: small, no large weapons, nightstalker 3, iridescent scales 1, clever 1,
robust 1
a: no special abilities


You were on level 5 of the Dungeon.
You visited 1 branch of the dungeon, and saw 4 of its levels.
You also visited: Sewer.

You collected 272 gold pieces.

Inventory:

Hand Weapons
 a - a +1 shortbow (weapon)
Armour
 c - a +0 leather armour (worn)
 e - a +0 cloak (worn)
 q - a +1 pair of gloves (worn)
Jewellery
 d - a ring of resist corrosion (left hand)
Scrolls
 f - a scroll of immolation
Potions
 g - 2 potions of mutation
 h - 2 potions of brilliance {unknown}
 k - 2 potions of heal wounds
 l - 2 potions of invisibility {unknown}
 m - 3 potions of resistance
 n - a potion of ambrosia
 s - 2 potions of haste


   Skills:
 - Level 5.0 Fighting
 - Level 10.0 Ranged Weapons
 + Level 5.7 Dodging
 - Level 1.3 Stealth


You had 7 spell levels left.
You didn't know any spells.
Your spell library contained the following spells:

 Spells                   Type           Power      Damage    Failure   Level
 Ensorcelled Hibernation  Hex/Ice        0%         N/A       52%         2
 Passwall                 Tmut/Erth      0%         N/A       52%         2
 Swiftness                Air            0%         N/A       77%         3


Dungeon Overview and Level Annotations

Branches:
Dungeon (3/15)              Sewer (visited)

Altars:
Dithmenos


Innate Abilities, Weirdness & Mutations

You are small and have problems with some larger weapons.
You are completely attuned to the shadows.
You are partially covered in iridescent scales. (AC +2)
Your mind is acute. (Int +4, Str/Dex -1)
You are robust. (+10% HP)


Message History

You shoot an arrow. The arrow barely misses the orc priest.
The orc hits you with a +0 hand axe. The orc misses you.
You shoot an arrow.
The arrow hits the orc priest but does no damage.
The orc priest is moderately wounded.
The orc priest hits you with a +0 whip. The orc barely misses you.
The orc misses you.
You shoot an arrow. The arrow hits the orc priest.
The orc priest is moderately wounded.
The orc priest hits you but does no damage.
The orc closely misses you. The orc misses you.
You shoot an arrow. The arrow hits the orc priest.
The orc priest is heavily wounded.
The orc priest hits you with a +0 whip. The orc hits you but does no damage.
You shoot an arrow. The arrow barely misses the orc priest.
The orc misses you.
The orc priest casts a cantrip, but nothing happens.
The orc closely misses you.
You shoot an arrow. The arrow hits the orc priest.
The orc priest is heavily wounded.
The orc barely misses you. The orc priest hits you with a +0 whip.
The orc closely misses you.
You shoot an arrow. The arrow hits the orc priest.
The orc priest is severely wounded.
The orc barely misses you.
The orc priest hits you but does no damage.
The orc closely misses you.
You shoot an arrow.
The arrow hits the orc priest but does no damage.
The orc priest is severely wounded.
The orc hits you but does no damage.
The orc priest calls down the wrath of Beogh upon you.
Pain shoots through your body!
* * * LOW HITPOINT WARNING * * *
The orc closely misses you.
You feel better.
The orc hits you from afar with a +0 trident.
* * * LOW HITPOINT WARNING * * *
The orc priest invokes the aid of Beogh against you.
Beogh smites you!
You die...

#......######
#...........#
#######.....# #.....#
####.....# ###........#
##.......####
#.o#.##### ##..o@#
##...o#####
....#######..)÷.....##
.....##..............##
.....##...............#
.....##............†..#
......................#
.........)............#
......#.>†............#


You could see an orc priest and 2 orcs.

Vanquished Creatures
  Sigmund (D:2)
  An ice beast (D:5)
  A black bear (D:5)
  A centaur (D:5)
  A scorpion (D:5)
  3 jellies (Sewer)
  Jessica (D:3)
  An orc wizard (D:5)
  Terence (D:2)
  Robin (D:3)
  6 adders
  4 river rats
  2 ufetubi (D:5)
  5 worms
  3 dart slugs
  2 orcs (D:5)
  6 ball pythons
  4 bats (D:2)
  12 endoplasms
  6 giant cockroaches
  13 goblins
  11 hobgoblins
  5 jackals
  2 quokkas
  6 frilled lizards
  A kobold (D:3)
  17 rats
117 creatures vanquished.

Notes
Turn   | Place    | Note
-------+----------+-------------------------------------------
     0 | D:1      | Newt the Kobold Hunter began the quest for the Orb.
     0 | D:1      | Reached XP level 1. HP: 12/12 MP: 1/1
   188 | D:1      | Reached XP level 2. HP: 14/18 MP: 2/2
   873 | D:2      | Reached XP level 3. HP: 23/23 MP: 3/3
  1366 | D:2      | Noticed Terence
  1380 | D:2      | Killed Terence
  1381 | D:2      | Reached XP level 4. HP: 21/29 MP: 4/4
  1569 | D:2      | Noticed Sigmund
  1580 | D:2      | Killed Sigmund
  1581 | D:2      | Reached skill level 5 in Fighting
  1581 | D:2      | Reached skill level 7 in Ranged Weapons
  1581 | D:2      | Reached XP level 5. HP: 22/35 MP: 5/5
  1581 | D:2      | Reached XP level 6. HP: 25/40 MP: 6/6
  1919 | D:3      | Found a shadowy altar of Dithmenos.
  1981 | D:3      | Noticed Robin
  2001 | D:3      | Killed Robin
  2007 | D:3      | Reached skill level 8 in Ranged Weapons
  2141 | D:3      | Found a glowing drain.
  2145 | Sewer    | Entered a sewer
  2277 | Sewer    | Reached XP level 7. HP: 44/44 MP: 7/7
  2341 | Sewer    | Reached skill level 9 in Ranged Weapons
  2363 | Sewer    | Found a viscous altar of Jiyva.
  2634 | D:3      | Noticed Jessica
  2640 | D:3      | Killed Jessica
  2930 | D:3      | You fall into a shaft and drop 2 floors!
  2930 | D:5      | Entered Level 5 of the Dungeon
  2994 | D:5      | Reached skill level 10 in Ranged Weapons
  2998 | D:5      | Gained mutation: You are partially covered in iridescent
                  | scales. (AC +2) [potion of mutation]
  2998 | D:5      | Gained mutation: You are robust. (+10% HP) [potion of
                  | mutation]
  2998 | D:5      | Gained mutation: Your mind is acute. (Int +4, Str/Dex -1)
                  | [potion of mutation]
  3167 | D:5      | Reached XP level 8. HP: 53/53 MP: 8/8
  3170 | D:5      | Reached skill level 5 in Dodging
  3220 | D:5      | Killed from afar by an orc priest

Illustrated notes

Levels and vault maps discovered:
D:1:      lemuel_arrival_hallway, layout_basic, dreamdust_wishing_well,
          kennysheep_nondescript
D:2:      layout_basic, minmay_between, uniq_sigmund, uniq_terence
D:3:      layout_loops_ring, grunt_dithmenos_smoke, gup_sewer_entry_spiral,
          serial_shops, nicolae_shop_bloodbath_and_beyond,
          minmay_close_crescents, uniq_robin, uniq_jessica
D:5:      kennysheep_six_static_rooms, layout_rooms, lemuel_tele_altar,
          vehumet_altar_wand_db, minivault_4

Skill      XL: |  1  2  3  4  5  6  7  8 |
---------------+-------------------------+-----
Fighting       | 3 4 5 |  5.0
Ranged Weapons | 7 8 10 | 10.0
Dodging        | 4 5 |  5.7
Stealth        | |  1.3

Action                     |  1- 3 |  4- 6 |  7- 9 || total
---------------------------+-------+-------+-------++-------
  Melee: Shortbow          |       |       |     1 ||     1
   Fire: Shortbow          |    75 |   147 |   128 ||   350
    Use: Scroll            |     2 |     7 |     3 ||    12
         Potion            |     1 |       |     6 ||     7
 Armour: Leather armour    |    12 |    53 |    77 ||   142
  Dodge: Dodged            |    19 |    85 |    95 ||   199

Table legend: (Time is in decaauts)
 A = Elapsed time spent in this place.
 B = Non-inter-level travel time spent in this place.
 C = Inter-level travel time spent in this place.
 D = Time resting spent in this place.
 E = Time spent auto-exploring this place.
 F = Levels seen in this place.
 G = Mean time per level.
                   A        B        C        D        E       F      G
               +--------+--------+--------+--------+--------+-----+--------+
         Total |   3289 |   3214 |     75 |      0 |   2448 |   5 |  657.8 |
       Dungeon |   2987 |   2912 |     75 |      0 |   2258 |   4 |  746.8 |
         Sewer |    302 |    302 |      0 |      0 |    189 |   1 |  302.0 |
               +--------+--------+--------+--------+--------+-----+--------+

Top non-repeatable levels by time:
     D:2: 956 daAuts
     D:3: 887 daAuts
     D:1: 855 daAuts
   Sewer: 302 daAuts
     D:5: 287 daAuts
